 Dungeon Crawl Stone Soup version 0.31-a0-355-g57cb03d3e8 (webtiles) character file.

Game seed: 9967552622864426668

72 hashsling the Twirler (level 4, -5/28 HPs)
             Began as a Gargoyle Gladiator on July 24, 2023.
             Slain by a gnoll
             ... wielding a +0 halberd
              (7 damage)
             ... on level 2 of the Dungeon.
             The game lasted 00:03:26 (1291 turns).

hashsling the Twirler (Gargoyle Gladiator)          Turns: 1291, Time: 00:03:27

Health: -5/28      AC:  9    Str: 19    XL:     4   Next: 26%
Magic:  4/4        EV: 11    Int:  9    God:
Gold:   34         SH:  0    Dex: 11    Spells: 3/3 levels left

rFire   . . .        a - +0 quarterstaff
rCold   . . .        (shield currently unavailable)
rNeg    + . .        g - +0 ring mail
rPois   ∞            c - +0 helmet
rElec   +            (no cloak)
rCorr   .            (no gloves)
SInv    .            (no boots)
Will    .....        (no amulet)
Stlth   +            (no ring)
HPRegen 0.24/turn    (no ring)
MPRegen 0.09/turn

%: no passive effects
@: no status effects
A: sickness immunity, AC +3, negative energy resistance 1, electricity
resistance, torment resistance 1, petrification resistance
a: no special abilities


You were on level 2 of the Dungeon.
You visited 1 branch of the dungeon, and saw 2 of its levels.

You collected 34 gold pieces.

Inventory:

Hand Weapons
 a - a +0 quarterstaff (weapon)
Missiles
 d - 3 throwing nets
 e - a javelin (quivered)
 f - 6 boomerangs
Armour
 c - a +0 helmet (worn)
 g - a +0 ring mail (worn)
Scrolls
 b - a scroll of immolation {unknown}
 h - a scroll of poison {unknown}
 j - a scroll of identify {unknown}
 k - a scroll of amnesia {unknown}
 m - a scroll of teleportation {unknown}
Potions
 l - a potion of enlightenment {unknown}


   Skills:
 * Level 3.3 Fighting
 + Level 3.4 Staves
 - Level 2.0 Throwing
 + Level 1.4 Armour
 + Level 2.8 Dodging


You had 3 spell levels left.
You didn't know any spells.
Your spell library contained the following spells:

 Spells                   Type           Power      Damage    Failure   Level
 Magic Dart               Conj           0%         1d3       56%         1
 Call Imp                 Summ           0%         N/A       71%         2
 Mephitic Cloud           Conj/Pois/Air  0%         N/A       91%         3


Dungeon Overview and Level Annotations

Branches:
Dungeon (2/15)

Altars:


Innate Abilities, Weirdness & Mutations

You are immune to sickness and miasma.
Your stone body is resilient. (AC +3)
You are immune to poison.
You resist negative energy. (rN+)
You are resistant to electric shocks. (rElec)
You are resistant to unholy torment.
You are immune to petrification.


Message History

There is a stone staircase leading down here.
The hobgoblin hits you. The hobgoblin attacks as you move away!
The hobgoblin hits you.
Unknown command.
Unknown command.
The hobgoblin attacks as you move away!
The hobgoblin hits you but does no damage.
The gnoll hits you from afar with a +0 halberd.
The hobgoblin attacks as you move away!
The hobgoblin hits you but does no damage.
The hobgoblin attacks as you move away!
The hobgoblin hits you but does no damage.
The gnoll attacks as you move away! The gnoll hits you but does no damage.
You hit the gnoll but do no damage. The gnoll hits you with a +0 flail!
* * * LOW HITPOINT WARNING * * *
Sorry, you're not good enough to have a special ability.
It was a potion of curing.
You feel better. The gnoll hits you but does no damage.
You hit the gnoll.
The gnoll is lightly wounded.
The gnoll hits you but does no damage.
You hit the gnoll.
The gnoll is severely wounded.
The gnoll hits you with a +0 flail.
* * * LOW HITPOINT WARNING * * *
The gnoll hits you but does no damage.
You thump the gnoll!
You kill the gnoll!
You sock the hobgoblin!
You kill the hobgoblin!
The gnoll closely misses you.
The gnoll hits you from afar with a +0 halberd!
* * * LOW HITPOINT WARNING * * *
You hit the gnoll but do no damage.
The gnoll is heavily wounded.
The gnoll barely misses you. The gnoll hits you but does no damage.
You hit the gnoll.
You kill the gnoll!
The gnoll hits you from afar with a +0 halberd!
You die...

.......##.......##.###.#
.......#...............#
####.###.....###.......#
........>..............#
.##..#.......#.#.#.###.#
.##.............g......#
...............#g#.###.#
.##............#)### #.#
###.........##.#@# #.#
#.........##.#.# #.#
###.........##.#.# ###
.....##....#...#.#
####.###.###.###.#
.g...............#
.............#####
.##..........#
..#..........#


You could see 2 gnolls.

Vanquished Creatures
  2 gnolls (D:2)
  2 adders (D:2)
  A worm (D:2)
  3 dart slugs
  A ball python (D:1)
  2 bats (D:1)
  2 endoplasms (D:1)
  2 giant cockroaches (D:2)
  2 goblins
  3 hobgoblins
  4 jackals (D:1)
  3 kobolds (D:1)
  2 quokkas (D:2)
  A frilled lizard (D:1)
  6 rats
36 creatures vanquished.

Notes
Turn   | Place    | Note
-------+----------+-------------------------------------------
     0 | D:1      | hashsling the Gargoyle Gladiator began the quest for the
                  | Orb.
     0 | D:1      | Reached XP level 1. HP: 12/12 MP: 1/1
    69 | D:1      | Reached XP level 2. HP: 17/18 MP: 2/2
   351 | D:1      | Reached XP level 3. HP: 20/22 MP: 3/3
   605 | D:1      | Reached skill level 1 in Armour
  1231 | D:2      | Reached XP level 4. HP: 28/28 MP: 4/4
  1291 | D:2      | Slain by a gnoll

Illustrated notes

Levels and vault maps discovered:
D:1:      matt_arrival_spirals, layout_basic, minmay_misc_feat_doors,
          minmay_misc_feat_plants
D:2:      layout_basic, uniq_terence

Skill      XL: |  1  2  3 |
---------------+----------+-----
Throwing       | 2 |  2.0
Armour         | 1 |  1.4
Fighting       | 3 |  3.3
Staves         | |  3.4
Dodging        | |  2.8

Action                     |  1- 3 |  4- 6 || total
---------------------------+-------+-------++-------
  Melee: Quarterstaff      |    89 |     9 ||    98
  Throw: Javelin           |     1 |       ||     1
    Use: Potion            |       |     1 ||     1
 Armour: Leather armour    |     6 |       ||     6
         Ring mail         |    20 |     9 ||    29
  Dodge: Dodged            |    68 |     4 ||    72

Table legend: (Time is in decaauts)
 A = Elapsed time spent in this place.
 B = Non-inter-level travel time spent in this place.
 C = Inter-level travel time spent in this place.
 D = Time resting spent in this place.
 E = Time spent auto-exploring this place.
 F = Levels seen in this place.
 G = Mean time per level.
                   A        B        C        D        E       F      G
               +--------+--------+--------+--------+--------+-----+--------+
         Total |   1304 |   1271 |     33 |      0 |    988 |   2 |  652.0 |
       Dungeon |   1304 |   1271 |     33 |      0 |    988 |   2 |  652.0 |
               +--------+--------+--------+--------+--------+-----+--------+

Top non-repeatable levels by time:
     D:1: 993 daAuts
     D:2: 311 daAuts
